Kraken vs Stars

Created - 23 mars 2024 at 20:30

Goals
1 2 3 T
Kraken 2 0 3 5
Stars 2 1 3 6
Shots
1 2 3 T
Kraken 16 4 14 34
Stars 9 5 21 35

GoalsPenalties
1st period
1. Stars , Jamie Benn 40 (Joe Pavelski 43) at 0:08
2. Kraken , Jonas Brodin 4 (Oliver Bjorkstrand 33, Patrice Bergeron 42) at 9:54
3. Kraken , David Perron 30 (Vladimir Tarasenko 33, Barclay Goodrow 27) at 10:00
4. Stars , Ryan Suter 3 (Jamie Benn 44, Conor Sheary 38) at 14:09 (PP)
Jonas Brodin (SEA) for Tripping (Minor) at 0:21
Nick Bjugstad (DAL) for Tripping (Minor) at 6:58
David Perron (SEA) for Roughing (Minor) at 13:12
Connor Murphy (SEA) for Hooking (Minor) at 19:09
2nd period
5. Stars , Jordan Staal 18 (Nick Bjugstad 20) at 4:20 (PP)
Connor Murphy (SEA) for Interference (Minor) at 3:53
Kris Letang (DAL) for Roughing (Minor) at 5:43
Justin Holl (SEA) for Tripping (Minor) at 14:09
Ian Cole (SEA) for High sticking (Minor) at 0:00
3rd period
6. Kraken , Alexei Toropchenko 7 (Vladimir Tarasenko 34, Jonas Brodin 23) at 1:59 (SH)
7. Stars , Jordan Staal 19 (Conor Sheary 39, Jordan Martinook 23) at 2:42
8. Kraken , Vladimir Tarasenko 25 (David Perron 37, Barclay Goodrow 28) at 11:58
9. Kraken , Radek Faksa 13 (Curtis Lazar 6, Warren Foegele 31) at 12:40
10. Stars , Conor Sheary 32 (Jordan Martinook 24, Jordan Staal 44) at 14:06
11. Stars , Conor Sheary 33 (Jordan Martinook 25, Dmitry Kulikov 13) at 18:38
No Penalty
Goalie Stats
Frederik Andersen (SEA), 29 saves from 35 shots - (0,829), L, 37-27-6, 59:28 minutes
Philipp Grubauer (DAL), 29 saves from 34 shots - (0,853), W, 33-28-15, 60:00 minutes
3 StarsOfficial
1 - Conor Sheary (DAL)
2 - Jordan Staal (DAL)
3 - Vladimir Tarasenko (SEA)
Referees : Maria Furberg and François St-Laurent
Linesman : Kory Nagy and Caleb Apperson
Game Note
14:06 of 3rd period - Stars goal is going for a video replay. After video review, Goal.
Finance
Level 1 -- Attendance: 6150 (100%) -- Ticket Income $553,500
Level 2 -- Attendance: 4664 (90%) -- Ticket Income $233,200
Level 3 -- Attendance: 2372 (84%) -- Ticket Income $94,880
Level 4 -- Attendance: 4300 (100%) -- Ticket Income $64,500
Luxury Box -- Attendance: 1050 (100%) -- Ticket Income $189,000
Game was played at the American Airlines Center.
Total Attendance: 18536 (95%)
Total Ticket Income: $1,135,080
Other Income: $340,524
Total Income: $1,475,604



Team Name Goals Shots Shots Attemp Shots Blocked PIM HIT PP PK FO%
Kraken 534611212210 / 2 (0%)246%
Stars 63563114282 / 6 (33%)054%

Kraken
Player Name POS G A P +/- PIM HIT SHT SB MP PP MP PP SHT PK MP PK SHT FO% FOT GA TA
Alexei ToropchenkoLW/RW101101105:350:1100:2310% 000
Barclay GoodrowC/LW0222003119:331:0804:37050% 1800
Brad HuntD000000000:350:0000:1000% 000
Christopher TanevD000-1002125:051:3304:2500% 002
Connor MurphyD000-1400011:570:0001:1500% 000
Curtis LazarC/RW011-1002013:410:1100:00067% 300
David PerronLW/RW1122211014:001:0800:000100% 100
Ian ColeD000-1231224:211:3303:4100% 000
Jonas BrodinD1123205224:172:2504:0700% 010
Justin HollD000-1210110:030:0000:0000% 002
Oliver BjorkstrandLW/RW011-1013022:362:3904:2100% 100
Patrice BergeronC/LW011-1065124:432:3904:12038% 2621
Radek FaksaC/LW101-1023018:250:0004:37162% 1300
Ryan HartmanC/RW000-1015117:442:3900:000100% 101
Ryan PoehlingC/LW000000004:110:0000:0000% 000
Seth JonesD0003031124:502:2515:0400% 001
Vladimir TarasenkoRW1233011015:271:0800:3200% 200
Warren FoegeleLW/RW011-1011213:310:1100:0000% 300
Stars
Player Name POS G A P +/- PIM HIT SHT SB MP PP MP PP SHT PK MP PK SHT FO% FOT GA TA
Calle JarnkrokLW/RW000-2021120:013:5601:02050% 210
Conor ShearyLW/RW2243039019:305:2500:000100% 201
Dmitry KulikovD0111010013:120:0001:0300% 000
Evgenii DadonovLW/RW000-1021012:040:0000:0700% 030
Jamie BennC/LW112-1034221:465:2500:00052% 2300
Jaycob MegnaD0001000012:310:0000:2200% 000
Joe PavelskiC/RW011-1016021:465:2500:0000% 110
Joel ArmiaLW/RW000001015:150:0000:0000% 000
Jordan MartinookLW/RW0332010119:330:0002:0400% 200
Jordan StaalC/LW2131036019:343:5612:04056% 2500
Kris LetangD0000211224:014:3200:5200% 000
Mark GiordanoD0000020324:294:3201:2300% 000
Nick BjugstadC/RW011-3201017:463:5600:44060% 1000
Nick BoninoC/LW000-1021013:250:0001:4700% 000
Ryan SuterD101-2032123:004:4912:1300% 001
Shayne GostisbehereD000-2002022:504:4902:0300% 021
Tyler PitlickRW000000000:000:0000:0000% 000
Tyson JostC000003105:170:0000:08067% 300

Kraken

5 vs 5 Forward
Line #Left WingCenterRight WingPHYDFOFWanted %Time %Time Play
1Oliver BjorkstrandPatrice BergeronRyan Hartman0233534%15:19
2David PerronBarclay GoodrowVladimir Tarasenko0233028%12:53
3Warren FoegeleRadek FaksaCurtis Lazar1223029%13:11
4Ryan PoehlingPatrice BergeronAlexei Toropchenko12259%4:11
5 vs 5 Defense
Line #DefenseDefensePHYDFOFWanted %Time %Time Play
1Ian ColeChristopher Tanev0324040%18:00
2Jonas BrodinSeth Jones0324039%17:46
3Connor MurphyJustin Holl0322022%9:48
4Ian ColeChristopher Tanev13100%0:00
Power Play Forward
Line #Left WingCenterRight WingPHYDFOFWanted %Time %Time Play
1Oliver BjorkstrandPatrice BergeronRyan Hartman0056071%2:50
2David PerronBarclay GoodrowVladimir Tarasenko0054029%1:08
Power Play Defense
Line #DefenseDefensePHYDFOFWanted %Time %Time Play
1Ian ColeChristopher Tanev0236039%1:33
2Jonas BrodinSeth Jones0234061%2:25
Penalty Kill 4 Players Forward
Line #CenterWingPHYDFOFWanted %Time %Time Play
1Patrice BergeronOliver Bjorkstrand1315048%4:32
2Barclay GoodrowRadek Faksa1315052%4:49
Penalty Kill 4 Players Defense
Line #DefenseDefensePHYDFOFWanted %Time %Time Play
1Ian ColeChristopher Tanev0325047%4:25
2Jonas BrodinSeth Jones0325053%4:56
Penalty Kill 3 Players
Line #WingPHYDFOFWanted %Time %Time PlayDefenseDefensePHYDFOFWanted %Time %Time Play
1Barclay Goodrow050500%0:00 Ian ColeChristopher Tanev050600%0:00
2Radek Faksa050500%0:00 Jonas BrodinSeth Jones050400%0:00
4 vs 4 Forward
Line #CenterWingPHYDFOFWanted %Time %Time Play
1Patrice BergeronOliver Bjorkstrand023500%0:00
2Barclay GoodrowDavid Perron023500%0:00
4 vs 4 Defense
Line #DefensePHYDFOFWanted %Time %Time Play
1Ian ColeChristopher Tanev032500%0:00
2Jonas BrodinSeth Jones032500%0:00
Last Minutes Offensive
Left WingCenterRight WingDefenseDefense
Oliver BjorkstrandPatrice BergeronRyan HartmanIan ColeChristopher Tanev
Last Minutes Defensive
Left WingCenterRight WingDefenseDefense
Barclay GoodrowPatrice BergeronOliver BjorkstrandIan ColeChristopher Tanev
Time
Total ForwardTotal DefenseLast Minutes OffensiveLast Minutes Defensive
60:00 60:00 1:070:00
Extra Forwards
Normal PowerPlayPenalty Kill
Vladimir Tarasenko, Barclay Goodrow, Radek FaksaVladimir Tarasenko, Barclay GoodrowVladimir Tarasenko
Extra Defensemen
Normal PowerPlayPenalty Kill
Seth Jones, Connor Murphy, Justin HollSeth Jones, Seth JonesConnor Murphy
Penalty Shots
Patrice Bergeron, Oliver Bjorkstrand, David Perron, Ryan Hartman, Vladimir Tarasenko
Goalie
Frederik Andersen, Matt Murray
Scratches
None

Stars

5 vs 5 Forward
Line #Left WingCenterRight WingPHYDFOFWanted %Time %Time Play
1Calle JarnkrokJamie BennJoe Pavelski1223636%16:21
2Conor ShearyJordan StaalJordan Martinook1223428%12:37
3Evgenii DadonovNick BjugstadNick Bonino1402525%11:27
4Jordan MartinookTyson JostJoel Armia140511%5:09
5 vs 5 Defense
Line #DefenseDefensePHYDFOFWanted %Time %Time Play
1Kris LetangMark Giordano0413838%17:31
2Shayne GostisbehereRyan Suter1403535%15:58
3Dmitry KulikovJaycob Megna1402727%12:05
4Kris LetangMark Giordano14000%0:00
Power Play Forward
Line #Left WingCenterRight WingPHYDFOFWanted %Time %Time Play
1Conor ShearyJamie BennJoe Pavelski0145558%5:25
2Calle JarnkrokJordan StaalNick Bjugstad0144542%3:56
Power Play Defense
Line #DefenseDefensePHYDFOFWanted %Time %Time Play
1Kris LetangMark Giordano1225048%4:32
2Shayne GostisbehereRyan Suter1225052%4:49
Penalty Kill 4 Players Forward
Line #CenterWingPHYDFOFWanted %Time %Time Play
1Jordan StaalJordan Martinook1405559%2:21
2Nick BjugstadNick Bonino1404541%1:37
Penalty Kill 4 Players Defense
Line #DefenseDefensePHYDFOFWanted %Time %Time Play
1Kris LetangMark Giordano1405048%1:55
2Shayne GostisbehereRyan Suter1405052%2:03
Penalty Kill 3 Players
Line #WingPHYDFOFWanted %Time %Time PlayDefenseDefensePHYDFOFWanted %Time %Time Play
1Jordan Staal050550%0:00 Kris LetangMark Giordano140500%0:00
2Nick Bonino050450%0:00 Shayne GostisbehereRyan Suter140500%0:00
4 vs 4 Forward
Line #CenterWingPHYDFOFWanted %Time %Time Play
1Jamie BennJoe Pavelski122500%0:00
2Jordan StaalCalle Jarnkrok122500%0:00
4 vs 4 Defense
Line #DefensePHYDFOFWanted %Time %Time Play
1Kris LetangMark Giordano131550%0:00
2Shayne GostisbehereRyan Suter131450%0:00
Last Minutes Offensive
Left WingCenterRight WingDefenseDefense
Conor ShearyJamie BennJoe PavelskiKris LetangMark Giordano
Last Minutes Defensive
Left WingCenterRight WingDefenseDefense
Conor ShearyJamie BennJoe PavelskiKris LetangMark Giordano
Time
Total ForwardTotal DefenseLast Minutes OffensiveLast Minutes Defensive
60:00 60:00 0:001:07
Extra Forwards
Normal PowerPlayPenalty Kill
Calle Jarnkrok, Nick Bjugstad, Evgenii DadonovCalle Jarnkrok, Nick BjugstadCalle Jarnkrok
Extra Defensemen
Normal PowerPlayPenalty Kill
Ryan Suter, Dmitry Kulikov, Jaycob MegnaRyan Suter, Ryan SuterDmitry Kulikov
Penalty Shots
Jamie Benn, Joe Pavelski, Jordan Staal, Shayne Gostisbehere, Kris Letang
Goalie
Philipp Grubauer, Thomas Greiss
Scratches
None


Play-by-Play

1st period


0:01 of 1st period - Jamie Benn wins face-off versus Patrice Bergeron in neutral zone.
0:04 of 1st period - Slapshot by Joe Pavelski.
0:04 of 1st period - Stopped by Frederik Andersen with a rebound.
0:06 of 1st period - Snap shot by Joe Pavelski.
0:06 of 1st period - Shot Misses the Net.
0:08 of 1st period - Slapshot by Jamie Benn.
0:08 of 1st period - Goal by Jamie Benn - Kraken : 0 - Stars : 1.
0:09 of 1st period - Jordan Staal wins face-off versus Barclay Goodrow in neutral zone.
0:21 of 1st period - Minor Penalty to Jonas Brodin for Tripping.
0:22 of 1st period - Patrice Bergeron wins face-off versus Joe Pavelski in Kraken zone.
2:21 of 1st period - Penalty to Jonas Brodin is over, Jonas Brodin is back on ice.
2:41 of 1st period - Snap shot by Joe Pavelski.
2:41 of 1st period - Stopped by Frederik Andersen with a rebound.
2:43 of 1st period - Snap shot by Jamie Benn.
2:43 of 1st period - Stopped by Frederik Andersen with a rebound.
2:45 of 1st period - Snap shot by Joe Pavelski.
2:45 of 1st period - Deflect By Jonas Brodin.
2:45 of 1st period - Stopped by Frederik Andersen without a rebound.
2:46 of 1st period - Radek Faksa wins face-off versus Nick Bjugstad in Kraken zone.
3:13 of 1st period - Wrist shot by Vladimir Tarasenko.
3:13 of 1st period - Shot Blocked by Joel Armia.
3:15 of 1st period - Snap shot by Ian Cole.
3:15 of 1st period - Stopped by Philipp Grubauer without a rebound.
3:16 of 1st period - Nick Bjugstad wins face-off versus Patrice Bergeron in Stars zone.
3:16 of 1st period - Nick Bjugstad is hit by Oliver Bjorkstrand.
4:04 of 1st period - Dmitry Kulikov is hit by David Perron and loses puck.
4:15 of 1st period - Wrist shot by Barclay Goodrow.
4:15 of 1st period - Shot Misses the Net.
4:59 of 1st period - Wrist shot by Jordan Staal.
4:59 of 1st period - Stopped by Frederik Andersen with a rebound.
5:07 of 1st period - Joe Pavelski is hit by Patrice Bergeron and loses puck.
6:22 of 1st period - Wrist shot by Radek Faksa.
6:22 of 1st period - Stopped by Philipp Grubauer with a rebound.
6:58 of 1st period - Minor Penalty to Nick Bjugstad for Tripping.
6:59 of 1st period - Barclay Goodrow wins face-off versus Jordan Martinook in Stars zone.
7:13 of 1st period - Slapshot by David Perron.
7:13 of 1st period - Shot Blocked by Jordan Martinook.
7:15 of 1st period - Wrist shot by David Perron.
7:15 of 1st period - Shot Misses the Net.
7:25 of 1st period - Snap shot by Patrice Bergeron.
7:25 of 1st period - Shot Misses the Net.
7:27 of 1st period - Snap shot by Seth Jones.
7:27 of 1st period - Stopped by Philipp Grubauer without a rebound.
7:28 of 1st period - Patrice Bergeron wins face-off versus Calle Jarnkrok in Stars zone.
8:25 of 1st period - Wrist shot by Patrice Bergeron.
8:25 of 1st period - Shot Misses the Net.
8:27 of 1st period - Slapshot by Patrice Bergeron.
8:27 of 1st period - Shot Misses the Net.
8:58 of 1st period - Penalty to Nick Bjugstad is over, Nick Bjugstad is back on ice.
9:05 of 1st period - Snap shot by Patrice Bergeron.
9:05 of 1st period - Stopped by Philipp Grubauer with a rebound.
9:18 of 1st period - Kris Letang is hit by Patrice Bergeron.
9:40 of 1st period - Snap shot by Oliver Bjorkstrand.
9:40 of 1st period - Shot Misses the Net.
9:42 of 1st period - Snap shot by Oliver Bjorkstrand.
9:42 of 1st period - Shot Misses the Net.
9:44 of 1st period - Wrist shot by Oliver Bjorkstrand.
9:44 of 1st period - Shot Blocked by Mark Giordano.
9:48 of 1st period - Wrist shot by Oliver Bjorkstrand.
9:48 of 1st period - Stopped by Philipp Grubauer with a rebound.
9:50 of 1st period - Snap shot by Oliver Bjorkstrand.
9:50 of 1st period - Stopped by Philipp Grubauer with a rebound.
9:52 of 1st period - Slapshot by Jonas Brodin.
9:52 of 1st period - Shot Misses the Net.
9:54 of 1st period - Slapshot by Jonas Brodin.
9:54 of 1st period - Goal by Jonas Brodin - Kraken : 1 - Stars : 1.
9:55 of 1st period - Barclay Goodrow wins face-off versus Jamie Benn in neutral zone.
10:00 of 1st period - Snap shot by David Perron.
10:00 of 1st period - Goal by David Perron - Kraken : 2 - Stars : 1.
10:01 of 1st period - Nick Bjugstad wins face-off versus Radek Faksa in neutral zone.
10:01 of 1st period - Nick Bjugstad is hit by Ian Cole.
10:39 of 1st period - Wrist shot by Joe Pavelski.
10:39 of 1st period - Shot Misses the Net.
10:43 of 1st period - Wrist shot by Joe Pavelski.
10:43 of 1st period - Stopped by Frederik Andersen with a rebound.
11:16 of 1st period - Off-side.
11:17 of 1st period - Tyson Jost wins face-off versus Warren Foegele in neutral zone.
12:29 of 1st period - Icing by Shayne Gostisbehere.
12:30 of 1st period - Jordan Staal wins face-off versus Patrice Bergeron in Stars zone.
12:41 of 1st period - Slapshot by Ryan Hartman.
12:41 of 1st period - Stopped by Philipp Grubauer with a rebound.
13:05 of 1st period - Icing by Ryan Suter.
13:06 of 1st period - Nick Bjugstad wins face-off versus Barclay Goodrow in Stars zone.
13:12 of 1st period - Minor Penalty to David Perron for Roughing.
13:13 of 1st period - Barclay Goodrow wins face-off versus Jamie Benn in Kraken zone.
13:39 of 1st period - Jordan Staal is hit by Radek Faksa and loses puck.
13:44 of 1st period - Wrist shot by Radek Faksa.
13:44 of 1st period - Stopped by Philipp Grubauer without a rebound.
13:45 of 1st period - Barclay Goodrow wins face-off versus Jamie Benn in Stars zone.
13:55 of 1st period - Off-side.
13:56 of 1st period - Jamie Benn wins face-off versus Patrice Bergeron in neutral zone.
14:07 of 1st period - Snap shot by Jamie Benn.
14:07 of 1st period - Shot Misses the Net.
14:09 of 1st period - Slapshot by Ryan Suter.
14:09 of 1st period - Goal by Ryan Suter - Kraken : 2 - Stars : 2.
14:10 of 1st period - Patrice Bergeron wins face-off versus Jordan Staal in neutral zone.
14:30 of 1st period - Icing by Seth Jones.
14:31 of 1st period - Patrice Bergeron wins face-off versus Jamie Benn in Kraken zone.
14:38 of 1st period - Wrist shot by Ryan Hartman.
14:38 of 1st period - Stopped by Philipp Grubauer with a rebound.
14:40 of 1st period - Snap shot by Patrice Bergeron.
14:40 of 1st period - Shot Misses the Net.
14:42 of 1st period - Wrist shot by Ryan Hartman.
14:42 of 1st period - Stopped by Philipp Grubauer with a rebound.
14:44 of 1st period - Snap shot by Jonas Brodin.
14:44 of 1st period - Stopped by Philipp Grubauer with a rebound.
14:52 of 1st period - Jamie Benn is hit by Seth Jones and loses puck.
16:04 of 1st period - Slapshot by Patrice Bergeron.
16:04 of 1st period - Stopped by Philipp Grubauer with a rebound.
16:06 of 1st period - Snap shot by Oliver Bjorkstrand.
16:06 of 1st period - Stopped by Philipp Grubauer without a rebound.
16:07 of 1st period - Barclay Goodrow wins face-off versus Jordan Staal in Stars zone.
16:20 of 1st period - Snap shot by Barclay Goodrow.
16:20 of 1st period - Stopped by Philipp Grubauer without a rebound.
16:21 of 1st period - Jordan Staal wins face-off versus Barclay Goodrow in Stars zone.
16:26 of 1st period - Snap shot by Kris Letang.
16:26 of 1st period - Shot Misses the Net.
16:34 of 1st period - Snap shot by Jordan Staal.
16:34 of 1st period - Shot Blocked by Christopher Tanev.
16:36 of 1st period - Snap shot by Conor Sheary.
16:36 of 1st period - Shot Blocked by Ian Cole.
17:25 of 1st period - Vladimir Tarasenko is hit by Evgenii Dadonov and loses puck.
17:40 of 1st period - Justin Holl is hit by Jordan Staal and loses puck.
18:00 of 1st period - Off-side.
18:01 of 1st period - Tyson Jost wins face-off versus Warren Foegele in neutral zone.
18:06 of 1st period - Slapshot by Shayne Gostisbehere.
18:06 of 1st period - Stopped by Frederik Andersen with a rebound.
19:09 of 1st period - Minor Penalty to Connor Murphy for Hooking.
19:10 of 1st period - Jamie Benn wins face-off versus Barclay Goodrow in Kraken zone.
19:43 of 1st period - Barclay Goodrow is hit by Jordan Staal and loses puck.
Goals for this period are 2 for Kraken vs 2 for Stars.
Shots for this period are 16 for Kraken vs 9 for Stars.

2nd period


0:01 of 2nd period - Jamie Benn wins face-off versus Patrice Bergeron in neutral zone.
1:09 of 2nd period - Penalty to Connor Murphy is over, Connor Murphy is back on ice.
1:26 of 2nd period - Patrice Bergeron is hit by Ryan Suter and loses puck.
1:39 of 2nd period - Snap shot by Patrice Bergeron.
1:39 of 2nd period - Deflect By Oliver Bjorkstrand.
1:39 of 2nd period - Shot Hit the Post.
1:39 of 2nd period - Puck is out of play.
1:40 of 2nd period - Nick Bjugstad wins face-off versus Barclay Goodrow in Stars zone.
2:07 of 2nd period - Christopher Tanev is hit by Jordan Martinook.
2:29 of 2nd period - Icing by Dmitry Kulikov.
2:30 of 2nd period - Calle Jarnkrok wins face-off versus Patrice Bergeron in Stars zone.
3:22 of 2nd period - Icing by Connor Murphy.
3:23 of 2nd period - Barclay Goodrow wins face-off versus Jordan Staal in Kraken zone.
3:23 of 2nd period - Barclay Goodrow is hit by Jordan Staal.
3:53 of 2nd period - Minor Penalty to Connor Murphy for Interference.
3:54 of 2nd period - Jamie Benn wins face-off versus Patrice Bergeron in Kraken zone.
4:20 of 2nd period - Snap shot by Jordan Staal.
4:20 of 2nd period - Goal by Jordan Staal - Kraken : 2 - Stars : 3.
4:21 of 2nd period - Jordan Staal wins face-off versus Curtis Lazar in neutral zone.
4:34 of 2nd period - Wrist shot by Radek Faksa.
4:34 of 2nd period - Shot Misses the Net.
4:48 of 2nd period - Mark Giordano is hit by Patrice Bergeron and loses puck.
5:43 of 2nd period - Minor Penalty to Kris Letang for Roughing.
5:44 of 2nd period - Patrice Bergeron wins face-off versus Jordan Staal in Stars zone.
7:43 of 2nd period - Penalty to Kris Letang is over, Kris Letang is back on ice.
8:04 of 2nd period - Patrice Bergeron is hit by Joel Armia.
8:14 of 2nd period - Justin Holl is hit by Ryan Suter and loses puck.
8:45 of 2nd period - Ian Cole is hit by Kris Letang and loses puck.
9:02 of 2nd period - Christopher Tanev is hit by Dmitry Kulikov and loses puck.
9:31 of 2nd period - Shayne Gostisbehere is hit by Vladimir Tarasenko and loses puck.
9:52 of 2nd period - Connor Murphy is hit by Tyson Jost and loses puck.
10:03 of 2nd period - Jordan Martinook is hit by Patrice Bergeron and loses puck.
10:20 of 2nd period - Shayne Gostisbehere is hit by Ryan Hartman and loses puck.
11:54 of 2nd period - Conor Sheary is hit by Alexei Toropchenko and loses puck.
12:35 of 2nd period - Barclay Goodrow is hit by Ryan Suter and loses puck.
14:00 of 2nd period - Justin Holl is hit by Tyson Jost and loses puck.
14:09 of 2nd period - Minor Penalty to Justin Holl for Tripping.
14:10 of 2nd period - Jamie Benn wins face-off versus Barclay Goodrow in Kraken zone.
16:06 of 2nd period - Icing by Kris Letang.
16:07 of 2nd period - Jordan Staal wins face-off versus Vladimir Tarasenko in Stars zone.
16:09 of 2nd period - Penalty to Justin Holl is over, Justin Holl is back on ice.
16:24 of 2nd period - Snap shot by Tyson Jost.
16:24 of 2nd period - Stopped by Frederik Andersen without a rebound.
16:25 of 2nd period - Radek Faksa wins face-off versus Tyson Jost in Kraken zone.
16:41 of 2nd period - Snap shot by Tyson Jost.
16:41 of 2nd period - Shot Misses the Net.
17:19 of 2nd period - Seth Jones is hit by Joe Pavelski and loses puck.
17:40 of 2nd period - Ryan Suter is hit by Patrice Bergeron and loses puck.
17:47 of 2nd period - Wrist shot by Patrice Bergeron.
17:47 of 2nd period - Shot Misses the Net.
17:49 of 2nd period - Wrist shot by Ryan Hartman.
17:49 of 2nd period - Stopped by Philipp Grubauer without a rebound.
17:50 of 2nd period - Radek Faksa wins face-off versus Jordan Staal in Stars zone.
17:51 of 2nd period - Snap shot by Warren Foegele.
17:51 of 2nd period - Stopped by Philipp Grubauer without a rebound.
17:52 of 2nd period - Radek Faksa wins face-off versus Jordan Staal in Stars zone.
17:53 of 2nd period - Snap shot by Curtis Lazar.
17:53 of 2nd period - Stopped by Philipp Grubauer without a rebound.
17:54 of 2nd period - Jordan Staal wins face-off versus Radek Faksa in Stars zone.
18:01 of 2nd period - Slapshot by Kris Letang.
18:01 of 2nd period - Stopped by Frederik Andersen with a rebound.
18:09 of 2nd period - Wrist shot by Christopher Tanev.
18:09 of 2nd period - Stopped by Philipp Grubauer without a rebound.
18:10 of 2nd period - Patrice Bergeron wins face-off versus Nick Bjugstad in Stars zone.
18:41 of 2nd period - Slapshot by Ian Cole.
18:41 of 2nd period - Shot Blocked by Ryan Suter.
19:40 of 2nd period - Slapshot by Conor Sheary.
19:40 of 2nd period - Shot Misses the Net.
19:54 of 2nd period - Snap shot by Joe Pavelski.
19:54 of 2nd period - Shot Misses the Net.
19:56 of 2nd period - Snap shot by Calle Jarnkrok.
19:56 of 2nd period - Stopped by Frederik Andersen without a rebound.
19:57 of 2nd period - Jamie Benn wins face-off versus Barclay Goodrow in Kraken zone.
19:58 of 2nd period - Slapshot by Joe Pavelski.
19:58 of 2nd period - Stopped by Frederik Andersen without a rebound.
19:59 of 2nd period - Barclay Goodrow wins face-off versus Jordan Staal in Kraken zone.
0:00 of 3rd period - Minor Penalty to Ian Cole for High sticking.
Goals for this period are 0 for Kraken vs 1 for Stars.
Shots for this period are 4 for Kraken vs 5 for Stars.

3rd period


0:01 of 3rd period - Jamie Benn wins face-off versus Barclay Goodrow in neutral zone.
0:08 of 3rd period - Slapshot by Mark Giordano.
0:08 of 3rd period - Shot Blocked by Barclay Goodrow.
0:51 of 3rd period - Connor Murphy is hit by Conor Sheary and loses puck.
1:30 of 3rd period - Patrice Bergeron is hit by Conor Sheary and loses puck.
1:59 of 3rd period - Slapshot by Alexei Toropchenko.
1:59 of 3rd period - Goal by Alexei Toropchenko - Kraken : 3 - Stars : 3.
2:00 of 3rd period - Penalty to Ian Cole is over, Ian Cole is back on ice.
2:00 of 3rd period - Jordan Staal wins face-off versus Radek Faksa in neutral zone.
2:03 of 3rd period - Snap shot by Conor Sheary.
2:03 of 3rd period - Stopped by Frederik Andersen without a rebound.
2:04 of 3rd period - Radek Faksa wins face-off versus Jordan Staal in Kraken zone.
2:21 of 3rd period - Conor Sheary is hit by Warren Foegele and loses puck.
2:40 of 3rd period - Snap shot by Jordan Staal.
2:40 of 3rd period - Shot Misses the Net.
2:42 of 3rd period - Wrist shot by Jordan Staal.
2:42 of 3rd period - Goal by Jordan Staal - Kraken : 3 - Stars : 4.
2:43 of 3rd period - Jamie Benn wins face-off versus Patrice Bergeron in neutral zone.
2:48 of 3rd period - Snap shot by Patrice Bergeron.
2:48 of 3rd period - Stopped by Philipp Grubauer without a rebound.
2:49 of 3rd period - Patrice Bergeron wins face-off versus Jamie Benn in Stars zone.
3:24 of 3rd period - Slapshot by Shayne Gostisbehere.
3:24 of 3rd period - Stopped by Frederik Andersen with a rebound.
3:27 of 3rd period - Icing by Ryan Hartman.
3:28 of 3rd period - Jordan Staal wins face-off versus Patrice Bergeron in Kraken zone.
3:35 of 3rd period - Slapshot by Jordan Staal.
3:35 of 3rd period - Shot Misses the Net.
3:37 of 3rd period - Slapshot by Jordan Staal.
3:37 of 3rd period - Shot Blocked by Ryan Hartman.
3:43 of 3rd period - Wrist shot by Conor Sheary.
3:43 of 3rd period - Stopped by Frederik Andersen with a rebound.
3:45 of 3rd period - Snap shot by Jordan Staal.
3:45 of 3rd period - Deflect By Jordan Martinook.
3:45 of 3rd period - Shot Blocked by Patrice Bergeron.
3:45 of 3rd period - Puck is out of play.
3:46 of 3rd period - Barclay Goodrow wins face-off versus Jamie Benn in Kraken zone.
3:46 of 3rd period - Barclay Goodrow is hit by Jamie Benn.
4:02 of 3rd period - Jonas Brodin is hit by Calle Jarnkrok and loses puck.
4:13 of 3rd period - Snap shot by Jordan Staal.
4:13 of 3rd period - Stopped by Frederik Andersen without a rebound.
4:14 of 3rd period - Radek Faksa wins face-off versus Jordan Staal in Kraken zone.
4:14 of 3rd period - Radek Faksa is hit by Mark Giordano.
4:39 of 3rd period - Kris Letang is hit by Radek Faksa and loses puck.
4:56 of 3rd period - Slapshot by Jonas Brodin.
4:56 of 3rd period - Stopped by Philipp Grubauer without a rebound.
4:57 of 3rd period - Jamie Benn wins face-off versus Barclay Goodrow in Stars zone.
4:57 of 3rd period - Jamie Benn is hit by Seth Jones.
5:03 of 3rd period - Snap shot by Barclay Goodrow.
5:03 of 3rd period - Stopped by Philipp Grubauer without a rebound.
5:04 of 3rd period - Barclay Goodrow wins face-off versus Jamie Benn in Stars zone.
5:13 of 3rd period - Snap shot by Barclay Goodrow.
5:13 of 3rd period - Shot Blocked by Calle Jarnkrok.
5:26 of 3rd period - Shayne Gostisbehere is hit by Seth Jones.
5:46 of 3rd period - Slapshot by Jamie Benn.
5:46 of 3rd period - Shot Blocked by Jonas Brodin.
5:48 of 3rd period - Wrist shot by Joe Pavelski.
5:48 of 3rd period - Stopped by Frederik Andersen without a rebound.
5:49 of 3rd period - Jordan Staal wins face-off versus Patrice Bergeron in Kraken zone.
5:50 of 3rd period - Snap shot by Conor Sheary.
5:50 of 3rd period - Shot Hit the Post.
6:53 of 3rd period - Justin Holl is hit by Calle Jarnkrok and loses puck.
7:22 of 3rd period - Backhand shot by Jordan Staal.
7:22 of 3rd period - Shot Blocked by Jonas Brodin.
8:13 of 3rd period - Ian Cole is hit by Tyson Jost and loses puck.
8:37 of 3rd period - Snap shot by Nick Bjugstad.
8:37 of 3rd period - Stopped by Frederik Andersen without a rebound.
8:38 of 3rd period - Nick Bjugstad wins face-off versus Warren Foegele in Kraken zone.
9:01 of 3rd period - Justin Holl is hit by Evgenii Dadonov and loses puck.
9:24 of 3rd period - Nick Bjugstad is hit by Justin Holl and loses puck.
9:31 of 3rd period - Connor Murphy is hit by Nick Bonino and loses puck.
9:38 of 3rd period - Slapshot by Nick Bjugstad.
9:38 of 3rd period - Shot Blocked by Warren Foegele.
9:42 of 3rd period - Wrist shot by Evgenii Dadonov.
9:42 of 3rd period - Shot Blocked by Warren Foegele.
9:44 of 3rd period - Slapshot by Nick Bonino.
9:44 of 3rd period - Stopped by Frederik Andersen without a rebound.
9:45 of 3rd period - Jordan Staal wins face-off versus Patrice Bergeron in Kraken zone.
10:14 of 3rd period - Wrist shot by Ryan Hartman.
10:14 of 3rd period - Deflect By Barclay Goodrow.
10:14 of 3rd period - Shot Blocked by Jamie Benn.
10:14 of 3rd period - Puck is out of play.
10:15 of 3rd period - David Perron wins face-off versus Jamie Benn in Stars zone.
10:18 of 3rd period - Wrist shot by Barclay Goodrow.
10:18 of 3rd period - Shot Misses the Net.
10:26 of 3rd period - Barclay Goodrow is hit by Mark Giordano.
10:36 of 3rd period - Barclay Goodrow is hit by Jamie Benn and loses puck.
11:09 of 3rd period - Snap shot by Jamie Benn.
11:09 of 3rd period - Stopped by Frederik Andersen with a rebound.
11:11 of 3rd period - Slapshot by Dmitry Kulikov.
11:11 of 3rd period - Shot Misses the Net.
11:27 of 3rd period - David Perron is hit by Jamie Benn and loses puck.
11:50 of 3rd period - Snap shot by Barclay Goodrow.
11:50 of 3rd period - Shot Blocked by Mark Giordano.
11:52 of 3rd period - Snap shot by Vladimir Tarasenko.
11:52 of 3rd period - Shot Misses the Net.
11:54 of 3rd period - Wrist shot by Barclay Goodrow.
11:54 of 3rd period - Stopped by Philipp Grubauer with a rebound.
11:56 of 3rd period - Wrist shot by David Perron.
11:56 of 3rd period - Shot Blocked by Kris Letang.
11:58 of 3rd period - Snap shot by Vladimir Tarasenko.
11:58 of 3rd period - Goal by Vladimir Tarasenko - Kraken : 4 - Stars : 4.
11:59 of 3rd period - Jordan Staal wins face-off versus Patrice Bergeron in neutral zone.
12:12 of 3rd period - Slapshot by Christopher Tanev.
12:12 of 3rd period - Deflect By Conor Sheary.
12:12 of 3rd period - Stopped by Philipp Grubauer without a rebound.
12:13 of 3rd period - Patrice Bergeron wins face-off versus Jordan Staal in Stars zone.
12:20 of 3rd period - Wrist shot by Oliver Bjorkstrand.
12:20 of 3rd period - Shot Blocked by Kris Letang.
12:22 of 3rd period - Wrist shot by Oliver Bjorkstrand.
12:22 of 3rd period - Shot Misses the Net.
12:24 of 3rd period - Slapshot by Ian Cole.
12:24 of 3rd period - Shot Blocked by Mark Giordano.
12:26 of 3rd period - Wrist shot by Patrice Bergeron.
12:26 of 3rd period - Stopped by Philipp Grubauer with a rebound.
12:28 of 3rd period - Snap shot by Ryan Hartman.
12:28 of 3rd period - Stopped by Philipp Grubauer without a rebound.
12:29 of 3rd period - Curtis Lazar wins face-off versus Nick Bjugstad in Stars zone.
12:38 of 3rd period - Snap shot by Curtis Lazar.
12:38 of 3rd period - Stopped by Philipp Grubauer with a rebound.
12:40 of 3rd period - Wrist shot by Radek Faksa.
12:40 of 3rd period - Goal by Radek Faksa - Kraken : 5 - Stars : 4.
12:41 of 3rd period - Conor Sheary wins face-off versus Oliver Bjorkstrand in neutral zone.
12:57 of 3rd period - Snap shot by Jordan Staal.
12:57 of 3rd period - Stopped by Frederik Andersen with a rebound.
13:07 of 3rd period - Evgenii Dadonov is hit by Ian Cole and loses puck.
13:12 of 3rd period - Snap shot by Warren Foegele.
13:12 of 3rd period - Shot Misses the Net.
13:14 of 3rd period - Slapshot by Jonas Brodin.
13:14 of 3rd period - Stopped by Philipp Grubauer without a rebound.
13:15 of 3rd period - Conor Sheary wins face-off versus Radek Faksa in Stars zone.
13:28 of 3rd period - Wrist shot by Jordan Staal.
13:28 of 3rd period - Stopped by Frederik Andersen without a rebound.
13:29 of 3rd period - Jordan Staal wins face-off versus Patrice Bergeron in Kraken zone.
13:30 of 3rd period - Slapshot by Conor Sheary.
13:30 of 3rd period - Shot Misses the Net.
13:32 of 3rd period - Snap shot by Ryan Suter.
13:32 of 3rd period - Stopped by Frederik Andersen without a rebound.
13:33 of 3rd period - Jordan Staal wins face-off versus Patrice Bergeron in Kraken zone.
13:34 of 3rd period - Snap shot by Conor Sheary.
13:34 of 3rd period - Stopped by Frederik Andersen with a rebound.
13:36 of 3rd period - Snap shot by Jordan Martinook.
13:36 of 3rd period - Deflect By Conor Sheary.
13:36 of 3rd period - Stopped by Frederik Andersen with a rebound.
13:38 of 3rd period - Snap shot by Conor Sheary.
13:38 of 3rd period - Stopped by Frederik Andersen without a rebound.
13:39 of 3rd period - Patrice Bergeron wins face-off versus Jordan Martinook in Kraken zone.
14:02 of 3rd period - Snap shot by Conor Sheary.
14:02 of 3rd period - Stopped by Frederik Andersen with a rebound.
14:04 of 3rd period - Slapshot by Jordan Martinook.
14:04 of 3rd period - Shot Misses the Net.
14:06 of 3rd period - Slapshot by Conor Sheary.
14:06 of 3rd period - Stars goal is going for a video replay.
14:06 of 3rd period - The goal is good.
14:06 of 3rd period - Goal by Conor Sheary - Kraken : 5 - Stars : 5.
14:07 of 3rd period - Jordan Staal wins face-off versus Patrice Bergeron in neutral zone.
14:54 of 3rd period - Wrist shot by Evgenii Dadonov.
14:54 of 3rd period - Stopped by Frederik Andersen with a rebound.
14:56 of 3rd period - Slapshot by Evgenii Dadonov.
14:56 of 3rd period - Shot Blocked by Ian Cole.
15:27 of 3rd period - Nick Bonino is hit by Ian Cole and loses puck.
15:34 of 3rd period - Ryan Hartman is hit by Nick Bonino and loses puck.
15:57 of 3rd period - Slapshot by Evgenii Dadonov.
15:57 of 3rd period - Deflect By Nick Bjugstad.
15:57 of 3rd period - Shot Misses the Net.
15:57 of 3rd period - Puck is out of play.
15:58 of 3rd period - Curtis Lazar wins face-off versus Jamie Benn in Kraken zone.
16:05 of 3rd period - Snap shot by Jonas Brodin.
16:05 of 3rd period - Stopped by Philipp Grubauer with a rebound.
16:13 of 3rd period - Snap shot by Calle Jarnkrok.
16:13 of 3rd period - Deflect By Jamie Benn.
16:13 of 3rd period - Shot Blocked by Seth Jones.
16:13 of 3rd period - Puck is out of play.
16:14 of 3rd period - Patrice Bergeron wins face-off versus Jordan Staal in Kraken zone.
16:31 of 3rd period - Snap shot by Conor Sheary.
16:31 of 3rd period - Stopped by Frederik Andersen without a rebound.
16:32 of 3rd period - Radek Faksa wins face-off versus Jamie Benn in Kraken zone.
17:32 of 3rd period - Slapshot by Conor Sheary.
17:32 of 3rd period - Shot Misses the Net.
17:39 of 3rd period - Icing by Seth Jones.
17:40 of 3rd period - Jamie Benn wins face-off versus Vladimir Tarasenko in Kraken zone.
17:49 of 3rd period - Slapshot by Jamie Benn.
17:49 of 3rd period - Shot Misses the Net.
18:07 of 3rd period - Evgenii Dadonov is hit by Patrice Bergeron.
18:36 of 3rd period - Wrist shot by Conor Sheary.
18:36 of 3rd period - Shot Blocked by Justin Holl.
18:38 of 3rd period - Snap shot by Conor Sheary.
18:38 of 3rd period - Goal by Conor Sheary - Kraken : 5 - Stars : 6.
18:39 of 3rd period - Radek Faksa wins face-off versus Nick Bjugstad in neutral zone.
18:41 of 3rd period - Off-side.
18:42 of 3rd period - Nick Bjugstad wins face-off versus Radek Faksa in neutral zone.
18:52 of 3rd period - Off-side.
18:53 of 3rd period - Bob Hartley call a timeout for Kraken.
18:53 of 3rd period - Ryan Hartman wins face-off versus Jamie Benn in neutral zone.
18:58 of 3rd period - Ryan Hartman is hit by Conor Sheary.
19:22 of 3rd period - Slapshot by Jamie Benn.
19:22 of 3rd period - Stopped by Frederik Andersen with a rebound.
19:28 of 3rd period - Kraken, Frederik Andersen is pulled from the net.
19:30 of 3rd period - Snap shot by Patrice Bergeron.
19:30 of 3rd period - Stopped by Philipp Grubauer with a rebound.
19:32 of 3rd period - Slapshot by Patrice Bergeron.
19:32 of 3rd period - Shot Blocked by Jamie Benn.
19:53 of 3rd period - Off-side.
19:54 of 3rd period - Jamie Benn wins face-off versus Patrice Bergeron in neutral zone.
Goals for this period are 3 for Kraken vs 3 for Stars.
Shots for this period are 14 for Kraken vs 21 for Stars.